AoeStats
← 888

Coastal Forest

510520552Analyzed
4v4 RM · 1d ago on Oct 1, 2026· 47m 5s· 8 players
Game mode
Random Map
Map size
Large (8 player)
Population
200
Speed
Normal
Resources
Standard
Victory
Conquest
Starting age
Dark Age
Ending age
Imperial Age
RankedLock teamsTeams togetherTeam positionsShared explorationLock speedFull tech treeHidden civsTurbo modeCheats
Victory
Defeat
🇬🇷 Ethiopians · Greece
1253
+16
🇫🇷 Persians · France
1242
+16
🇩🇪 Britons · Germany
1189
+19
🇨🇦 Berbers · Canada
1160
+20
🇨🇳 Ethiopians · China
1299
-20
🇨🇳 Franks · China
1245
-18
1241
-17
1208
-16
将军坟前无人问,戏子
0:43 Loom
11:29 Feudal Age
12:03 Horse Collar
14:10 Wheelbarrow
13:39 Double-Bit Axe
21:26 Castle Age
21:09 Fletching
21:32 Forging
21:26 Gold Mining
26:00 Bow Saw
26:37 Pikeman
30:42 Ballistics
32:20 Fletching
35:37 Guard Tower
37:49 Gambesons
41:53 Scale Mail Armor
42:18 Hand Cart
43:57 Stone Mining
47:04 Heavy Plow
西貢蘇tszxxx怒插慈雲山傻尻
11:34 Feudal Age
12:52 Loom
15:58 Castle Age
13:54 Double-Bit Axe
15:55 Scale Barding Armor
16:45 Bloodlines
17:14 Wheelbarrow
17:17 Husbandry
19:11 Bow Saw
20:28 Forging
23:57 Scale Mail Armor
29:36 Iron Casting
30:53 Chain Barding Armor
34:17 Hand Cart
36:53 Horse Collar
38:06 Town Watch
38:52 Heavy Plow
43:01 Imperial Age
41:44 Town Patrol
43:52 Heavy Hei Guang Cavalry
45:43 Blast Furnace
三尺青锋
2:59 Loom
11:01 Feudal Age
13:18 Double-Bit Axe
17:40 Castle Age
15:45 Fletching
21:16 Wheelbarrow
20:45 Crossbowman
23:03 Town Watch
23:27 Fishing Lines
26:36 Bow Saw
27:49 Gillnets
28:27 Bodkin Arrow
28:52 Padded Archer Armor
31:00 Ballistics
30:58 Leather Archer Armor
31:42 Horse Collar
35:35 Imperial Age
34:12 Hand Cart
33:58 Town Patrol
35:11 Stone Mining
35:11 Gold Mining
35:41 Thumb Ring
37:14 Conscription
36:21 Capped Ram
38:25 Chemistry
37:17 Arbalester
38:18 Bracer
39:05 Gold Shaft Mining
39:05 Stone Shaft Mining
39:05 Scale Mail Armor
39:15 Forging
39:05 Scale Mail Armor
39:50 Elite Shotel Warrior
41:34 Ring Archer Armor
41:19 Chain Mail Armor
41:39 Iron Casting
41:20 Chain Mail Armor
44:29 Plate Mail Armor
44:34 Iron Casting
44:29 Plate Mail Armor
45:28 Coinage
我早已麻痹
9:13 Loom
11:25 Feudal Age
12:29 Double-Bit Axe
16:10 Castle Age
14:37 Fletching
27:39 Wheelbarrow
28:09 Scale Barding Armor
38:49 Chain Barding Armor
40:27 Forging
42:25 Iron Casting
42:25 Husbandry
43:49 Bodkin Arrow
DropDongHitBong420
9:18 Loom
14:29 Feudal Age
15:45 Horse Collar
18:10 Castle Age
16:07 Double-Bit Axe
19:07 Bow Saw
19:57 Town Watch
20:23 Heavy Plow
20:43 Town Patrol
25:41 Wheelbarrow
28:38 Fletching
28:50 Gold Mining
30:14 Hand Cart
30:35 Kasbah
31:04 Masonry
32:02 Fortified Wall
34:32 Husbandry
34:42 Bloodlines
33:53 Light Cavalry
35:20 Bodkin Arrow
35:26 Padded Archer Armor
35:51 Ballistics
35:26 Murder Holes
39:29 Imperial Age
37:17 Leather Archer Armor
39:39 Imperial Age
39:52 Scale Barding Armor
39:57 Forging
39:45 Hussar
40:26 Cavalier
41:20 Bracer
41:50 Ring Archer Armor
42:01 Conscription
42:21 Ring Archer Armor
42:12 Chain Barding Armor
42:28 Iron Casting
43:30 Chemistry
47:42 Plate Barding Armor
48:07 Blast Furnace
888
7:33 Loom
9:18 Feudal Age
13:58 Castle Age
11:53 Double-Bit Axe
13:01 Horse Collar
14:41 Bow Saw
21:47 Heavy Plow
22:05 Gold Mining
23:28 Wheelbarrow
24:07 Bloodlines
25:38 Husbandry
25:46 Scale Barding Armor
25:52 Forging
26:59 Chain Barding Armor
28:20 Iron Casting
33:20 Hand Cart
34:52 Gold Shaft Mining
39:34 Imperial Age
38:55 Stone Mining
39:26 Cavalier
40:43 Plate Barding Armor
41:09 Blast Furnace
40:04 Capped Ram
41:22 Savar
42:33 Siege Ram
45:52 Light Cavalry
The Swabian
7:07 Loom
9:36 Feudal Age
10:09 Double-Bit Axe
12:01 Padded Archer Armor
12:42 Fletching
21:09 Castle Age
22:13 Wheelbarrow
21:50 Crossbowman
23:00 Bodkin Arrow
39:49 Ballistics
39:42 Fortified Wall
40:59 Leather Archer Armor
46:22 Imperial Age
mojotzotzo
6:45 Loom
9:15 Feudal Age
10:08 Double-Bit Axe
11:40 Fletching
12:19 Town Watch
22:12 Castle Age
20:58 Padded Archer Armor
20:40 Horse Collar
21:06 Gold Mining
22:14 Crossbowman
22:50 Bodkin Arrow
24:25 Ballistics
26:19 Bow Saw
36:02 Imperial Age
34:40 Thumb Ring
37:45 Chemistry
37:03 Bracer
37:42 Arbalester
42:31 Leather Archer Armor
46:50 Stone Mining
Connection lost

Rejoining the realm…

Still unreachable

The connection could not be restored.

Session expired

The server has moved on; the page needs a fresh start.